[Event "*** Titled Tuesday Blitz"]
[Site "Chess.com"]
[Date "2020.11.24"]
[Round "11"]
[White "JiiHart"]
[Black "Mambastik-Fantastic"]
[Result "0-1"]
[WhiteElo "2093"]
[BlackElo "2309"]
[TimeControl "180+1"]
[EndTime "12:24:57 PST"]
[Termination "Mambastik-Fantastic won on time"]

1. e4 c5 2. Nf3 d6 3. d4 cxd4 4. Nxd4 Nf6 5. Nc3 a6 6. Bg5 e6 7.
f4 Be7 8. Qf3 Nbd7 9. O-O-O Qc7 10. Bd3 h6 11. Bh4 b5 12. Rhe1 Bb7 13. a3 Rc8 14.
Kb1 Nc5 15. Bf2 Na4 16. Ncxb5 Qb8 17. Qe2 O-O 18. e5 dxe5 19. fxe5 Nd5 20. Nd6 Bxd6 21.
exd6 Nac3+ 22. bxc3 Nxc3+ 23. Kc1 Nxe2+ 24. Nxe2 Bc6 25. Bc5 Bb5 26. Bb4 Bxd3 27. Rxd3 Rfd8 28. d7 Rc4 29. Ba5 Kf8 30. Bxd8 Qxd8 31. Red1 Ke7 32. Nd4 Rc5 33. Rb3 g6 34. Rb6 Kf6 35. Rc6 Rd5 36.
Nxe6 fxe6 0-1

[Event "*** Titled Tuesday Blitz"]
[Site "Chess.com"]
[Date "2020.11.24"]
[Round "11"]
[White "DenLaz"]
[Black "RD4ever"]
[Result "0-1"]
[WhiteElo "2773"]
[BlackElo "2833"]
[TimeControl "180+1"]
[EndTime "12:24:59 PST"]
[Termination "RD4ever won on time"]

1. d4 Nf6 2. c4 g6 3. g3 Bg7 4.
Bg2 c5 5. d5 d6 6. Nc3 O-O 7.
Nf3 e6 8. O-O exd5 9. cxd5 Re8 10.
Nd2 Nbd7 11. a4 a6 12. h3 Rb8 13. Nc4 Ne5 14. Na3 Bd7 15. f4 b5 16. fxe5 Rxe5 17.
axb5 axb5 18. Bf4 Nh5 19. Bxe5 Bxe5 20. g4 Bd4+ 21. Kh2 Be5+ 22. Kg1 Bd4+ 23. Kh2 Bxg4 24. Ne4 f5 25. Nc2 Be5+ 26. Kg1 fxe4 27. Qe1 Bd7 28. Ra7 Nf4 29. Qf2 Qg5 30. Kh1 Bxh3 31.
Bxh3 Qh5 32. Qg3 Nxh3 33. Qg2 Nf2+ 34. Kg1 Ng4 35. Rff7 c4 36. Kf1 Qh4 37. e3 Nh2+ 38. Ke2 Nf3 0-1

[Event "*** Titled Tuesday Blitz"]
[Site "Chess.com"]
[Date "2020.11.24"]
[Round "11"]
[White "andrzej"]
[Black "Nils_03"]
[Result "1/2-1/2"]
[WhiteElo "2386"]
[BlackElo "2262"]
[TimeControl "180+1"]
[EndTime "12:24:59 PST"]
[Termination "Game drawn by repetition"]

1. e4 e5 2. Nf3 Nc6 3. d4 exd4 4. Nxd4 Bc5 5. Nb3 Bb6 6. Nc3 d6 7. Qe2 Nf6 8. Be3 O-O 9. O-O-O Ng4 10. Bxb6 axb6 11. Kb1 Be6 12. f4 f5 13. h3 Nf6 14.
exf5 Bxf5 15. g4 Re8 16. Qd2 Ne4 17. Nxe4 Bxe4 18. Bc4+ Kh8 19. Rhe1 d5 20. Bxd5 Bxd5 21. Rxe8+ Qxe8 22. Qxd5 Rxa2 23. Nc1 Ra4 24. f5 h6 25. Nb3 Re4 26. f6 gxf6 27. Qf5 Kg7 28. Rd7+ Re7 29. Rd1 Re1 30. Rxe1 Qxe1+ 31. Nc1 Qe7 32.
h4 Ne5 33. h5 Qd7 34. Qe4 Qxg4 35. Qxb7 Qd7 36. Qg2+ Qg4 37. Qb7 Qd7 38. Qg2+ Qg4 39. Qb7 1/2-1/2

[Event "*** Titled Tuesday Blitz"]
[Site "Chess.com"]
[Date "2020.11.24"]
[Round "11"]
[White "CraiggoryC"]
[Black "Chernov_Mikhail"]
[Result "1-0"]
[WhiteElo "2178"]
[BlackElo "2313"]
[TimeControl "180+1"]
[EndTime "12:24:59 PST"]
[Termination "CraiggoryC won by resignation"]

1. e4 c5 2. Nf3 Nc6 3. d4 cxd4 4. Nxd4 Nf6 5. Nc3 d6 6. Bc4 e6 7. Be3 a6 8. Qe2 Qc7 9. Bb3 Na5 10. O-O-O b5 11. f3 Rb8 12. g4 Nd7 13. Bxe6 fxe6 14.
Nxe6 Qc4 15. Rd3 Qxe6 16. Nd5 Qf7 17. Rhd1 Ne5 18. Rc3 Nac4 19. b3 Nxe3 20. Qxe3 Be7 21. Nc7+ Kf8 22. f4 Nxg4 23. Qa7 Rb7 24. Qa8 Qxf4+ 25. Kb1 Kf7 26. Nd5 Qe5 27. Rxc8 Rxc8 28. Qxc8 Nf6 29. Qxb7 Qxe4 30. Qxe7+ Qxe7 31. Nxe7 Kxe7 32. a4 b4 33. Kb2 a5 34. c3 bxc3+ 35. Kxc3 g5 36. Kc4 h5 37. Kb5 Ng4 38. Kxa5 Nxh2 39. b4 g4 40. b5 g3 41. b6 Kd7 42. b7 Kc7 43. Ka6 Kb8 44. Rxd6 1-0

[Event "*** Titled Tuesday Blitz"]
[Site "Chess.com"]
[Date "2020.11.24"]
[Round "11"]
[White "No_t_ime_to_die"]
[Black "Lion-Al-Messi"]
[Result "1-0"]
[WhiteElo "2451"]
[BlackElo "2559"]
[TimeControl "180+1"]
[EndTime "12:25:00 PST"]
[Termination "No_t_ime_to_die won by resignation"]

1. e4 e6 2. d3 d5 3. Qe2 dxe4 4.
dxe4 e5 5. Nf3 Nc6 6. g3 Nf6 7. Bg2 Bd6 8. O-O Qe7 9. Rd1 O-O 10. Nc3 Bg4 11. Nb5 Rad8 12. Nxd6 cxd6 13. c3 d5 14. exd5 Rxd5 15. Rxd5 Nxd5 16. h3 Bh5 17. g4 Bg6 18. Nxe5 Nxe5 19. Bxd5 Qd6 20. c4 Bd3 21. Qd2 Re8 22. f4 Qxd5 23. cxd5 Nf3+ 24. Kh1 Nxd2 25. Bxd2 Re2 26. Bc3 Be4+ 27. Kg1 Kf8 28. d6 Ke8 29. Re1 Rxe1+ 30. Bxe1 b6 31. Bc3 f6 32. Kf2 Kd7 33.
Bb4 a5 34. Ba3 Bd5 35. b3 Be4 36. b4 Bb1 37. bxa5 bxa5 38. Ke3 Bxa2 39. h4 h6 40. f5 Bb3 41. Kf4 Kc6 42. d7 Kxd7 43. Bf8 a4 44. Bxg7 Ke7 45. g5 fxg5+ 46. hxg5 h5 47. Bb2 Kf7 48. g6+ Kg8 49. f6 h4 50. Kg4 Be6+ 51. Kxh4 a3 52. Bxa3 Bf7 53. gxf7+ Kxf7 54. Bb2 1-0

[Event "*** Titled Tuesday Blitz"]
[Site "Chess.com"]
[Date "2020.11.24"]
[Round "11"]
[White "Gogolev_Artemy"]
[Black "sbouchet"]
[Result "1/2-1/2"]
[WhiteElo "2468"]
[BlackElo "2335"]
[TimeControl "180+1"]
[EndTime "12:25:01 PST"]
[Termination "Game drawn by repetition"]

1. d4 Nf6 2. Nf3 d6 3. Nc3 g6 4. e4 Bg7 5. Bc4 c6 6. Qe2 b5 7. Bb3 a5 8. e5 dxe5 9. dxe5 Ng4 10. e6 f5 11. a3 O-O 12. O-O Ba6 13. Rd1 Qe8 14. Bg5 b4 15. Bc4 bxc3 16. bxc3 Bxc4 17. Qxc4 Na6 18. Rd7 Bf6 19. Rb1 Ne5 20. Nxe5 Bxg5 21. Qxc6 Rb8 22. Rbd1 Qc8 23. Qf3 Nc5 24. Nc6 Rb6 25.
Nxe7+ Bxe7 26. Rxe7 Rd8 27. Re1 Rb7 28. Rxb7 Qxb7 29.
e7 Re8 30. Qe3 Qd5 31. h4 Ne4 32. f3 Rxe7 33. fxe4 Rxe4 34. Qf2 Rxe1+ 35. Qxe1 Qc5+ 36. Kh2 Qxa3 37. Qe8+ Kg7 38. Qd7+ Kh6 39. Qd2+ Kg7 40. Qd7+ Kh6 41. Qd2+ Kg7 42. Qd7+ 1/2-1/2

[Event "*** Titled Tuesday Blitz"]
[Site "Chess.com"]
[Date "2020.11.24"]
[Round "11"]
[White "Fh2411"]
[Black "queen_iryna"]
[Result "1-0"]
[WhiteElo "2556"]
[BlackElo "2295"]
[TimeControl "180+1"]
[EndTime "12:25:02 PST"]
[Termination "Fh2411 won by resignation"]

1. d4 d6 2. Nf3 g6 3. g3 Bg7 4.
Bg2 Nd7 5. O-O e5 6. c4 Ne7 7.
Nc3 O-O 8. e4 exd4 9. Nxd4 Nc6 10. Nde2 Nde5 11. b3 a5 12. a4 Nb4 13. h3 Bd7 14. Be3 Re8 15. Rb1 Qf6 16. Nf4 c6 17.
Nce2 g5 18. Nh5 Qg6 19. Nxg7 Qxg7 20. Qxd6 g4 21. h4 Be6 22. Bd4 f6 23. Bb6 Bf7 24. Nd4 Nf3+ 25. Nxf3 gxf3 26. Bxf3 Bg6 27. Rbe1 f5 28.
exf5 Bxf5 29. Bd4 Qf7 30. Qf4 Bg6 31. Qxf7+ Kxf7 32. Rxe8 Rxe8 33. Rd1 Bc2 34. Rd2 Bxb3 35. Bb6 Bxc4 36. Bxa5 Nd3 37. Bc3 b5 38. axb5 cxb5 39.
Bc6 b4 40. Bxe8+ Kxe8 41. Bxb4 Nxb4 42. Rd4 Be6 43. Rxb4 Kf7 44. Rf4+ Kg7 45. Kg2 Bd5+ 46. Kf1 Bc4+ 47. Rxc4 1-0

[Event "*** Titled Tuesday Blitz"]
[Site "Chess.com"]
[Date "2020.11.24"]
[Round "11"]
[White "VladimirBugayev"]
[Black "Fusikk"]
[Result "0-1"]
[WhiteElo "2295"]
[BlackElo "2478"]
[TimeControl "180+1"]
[EndTime "12:25:02 PST"]
[Termination "Fusikk won on time"]

1. e4 c5 2. Nc3 a6 3. g3 b5 4. Bg2 Bb7 5. d3 d6 6. Nh3 Nd7 7. O-O e5 8. f4 Ngf6 9. Kh1 Be7 10. f5 b4 11. Nb1 d5 12. Nd2 Qc7 13. Qe2 O-O 14.
g4 dxe4 15. dxe4 Nb6 16. g5 Nfd7 17. Qh5 Rfd8 18. f6 g6 19. Qe2 Bf8 20. b3 c4 21.
bxc4 Nc5 22. Bb2 Nba4 23. Rab1 Nc3 24. Bxc3 bxc3 25. Nb3 Nxb3 26. Rxb3 Rd2 27. Qe3 Rxc2 28. Rxc3 Rxa2 29. Nf2 Qc5 30. Qxc5 Bxc5 31. Nd3 Bd4 32.
Rb3 Bc6 33. Rfb1 Rf8 34. Rb8 Be8 35. Ra8 Ra1 36. Rxa1 Bxa1 37. Rxa6 Bd4 38. Ra5 Bc6 39. Nxe5 Bb7 40. h4 Re8 41. Rb5 Bxe4 42. Bxe4 Bxe5 43.
Bd5 Rb8 44. Ra5 Bg3 45. Ra7 Rf8 46. c5 Bxh4 47. c6 Bxg5 48. c7 Bf4 49. Rb7 Rc8 50. Rb4 Be5 51. Rc4 Rxc7 52. Re4 Bxf6 0-1

[Event "*** Titled Tuesday Blitz"]
[Site "Chess.com"]
[Date "2020.11.24"]
[Round "11"]
[White "PriSachu"]
[Black "MF1966Idrisov"]
[Result "1/2-1/2"]
[WhiteElo "2519"]
[BlackElo "2401"]
[TimeControl "180+1"]
[EndTime "12:25:04 PST"]
[Termination "Game drawn by repetition"]

1. e4 e6 2. d4 d5 3. Nc3 Nc6 4.
Nf3 dxe4 5. Nxe4 Nf6 6. Nxf6+ gxf6 7. g3 Bd6 8. Bg2 h5 9. h4 Bd7 10. O-O Ne7 11. c4 c6 12. Re1 c5 13. d5 Qc7 14.
Be3 O-O-O 15. Rc1 Nf5 16. b4 Nxe3 17. Rxe3 cxb4 18. Re2 Bc5 19. Nd4 Kb8 20. Rd2 Rdg8 21. Qf3 e5 22. Nb5 Bxb5 23. cxb5 Qd6 24. Rdc2 b6 25.
Kh2 Rg4 26. Rc4 Rhg8 27. Qf5 e4 28. Rxe4 Rxe4 29. Qxe4 Qe5 30. Qxe5+ fxe5 31. Rf1 f5 32. Bh3 Rf8 33. Re1 e4 34. Re2 Kc7 35. Bg2 Kd6 36.
f3 e3 37. f4 Ra8 38. Bf3 a6 39. bxa6 Rxa6 40. Bxh5 Ra3 41. Bf3 Ra7 42. Kh3 Rg7 43. h5 Kd7 44. Kh4 Be7+ 45. Kh3 Bc5 46. Kh4 Be7+ 47.
Kh3 Bc5 1/2-1/2

[Event "*** Titled Tuesday Blitz"]
[Site "Chess.com"]
[Date "2020.11.24"]
[Round "11"]
[White "frequentblunders"]
[Black "sboshaon21"]
[Result "0-1"]
[WhiteElo "2045"]
[BlackElo "2100"]
[TimeControl "180+1"]
[EndTime "12:25:04 PST"]
[Termination "sboshaon21 won by resignation"]

1. e3 d5 2. c4 c6 3. Nc3 Nf6 4.
f4 g6 5. Nf3 Bg7 6. d4 O-O 7.
Ne5 Nbd7 8. Bd3 dxc4 9. Bxc4 e6 10. O-O a6 11. Qb3 c5 12. Nxf7 Rxf7 13. Bxe6 Qe7 14. d5 Nf8 15. Bxf7+ Qxf7 16. e4 b5 17. e5 c4 18. Qd1 Ng4 19. Ne4 Bf5 20. h3 Bxe4 21. hxg4 Bxd5 22. Be3 Rd8 23. Qc2 Qb7 24. Rae1 Be4 25.
Qf2 Bd3 26. f5 Bxe5 27. fxg6 Nxg6 28. Bh6 Bxf1 29. Rxf1 Bg7 30. Bxg7 Kxg7 31. Qf3 Qxf3 32.
Rxf3 Rd2 33. Rf2 Rxf2 34. Kxf2 Ne5 35. Kg3 Kg6 36. Kf4 Nd3+ 0-1

[Event "*** Titled Tuesday Blitz"]
[Site "Chess.com"]
[Date "2020.11.24"]
[Round "11"]
[White "mikheeva86"]
[Black "MIJuanReyesRosa"]
[Result "0-1"]
[WhiteElo "1969"]
[BlackElo "2070"]
[TimeControl "180+1"]
[EndTime "12:25:04 PST"]
[Termination "MIJuanReyesRosa won on time"]

1. e4 c5 2. Nc3 a6 3. g3 b5 4. Bg2 Bb7 5. d3 e6 6. Be3 d5 7.
exd5 exd5 8. Qe2 Be7 9. Bxc5 b4 10. Bxb4 Nc6 11. Bxe7 Ngxe7 12. Nf3 O-O 13. O-O Re8 14. Rfe1 Qd7 15. d4 Nf5 16. Qd2 Nfxd4 17. Nxd4 Rxe1+ 18. Rxe1 Nxd4 19. Qxd4 Re8 20. Rxe8+ Qxe8 21. Bxd5 Qe1+ 22. Kg2 Bc8 23. Bf3 Bh3+ 24. Kxh3 Qe6+ 25. Kg2 h5 26. Ne4 h4 27. Qd8+ Kh7 28. Ng5+ Kg6 29. Nxe6 h3+ 30.
Kxh3 fxe6 31. Be4+ Kf7 0-1

[Event "*** Titled Tuesday Blitz"]
[Site "Chess.com"]
[Date "2020.11.24"]
[Round "11"]
[White "TheKingDoctor"]
[Black "Khnykin_Nikolay"]
[Result "1-0"]
[WhiteElo "2092"]
[BlackElo "2043"]
[TimeControl "180+1"]
[EndTime "12:25:06 PST"]
[Termination "TheKingDoctor won on time"]

1. d4 e6 2. e4 d5 3. exd5 exd5 4. c4 Nf6 5. Nc3 Bb4 6. Nf3 Ne4 7. Qb3 Nc6 8. cxd5 Bxc3+ 9. bxc3 Ne7 10. Ne5 O-O 11.
Ba3 Re8 12. d6 cxd6 13. Nxf7 Nd5 14. Nxd8 Nc5+ 15. Kd2 Nxb3+ 16. axb3 Rxd8 17. Bc4 Be6 18. Rhe1 Bf7 19. Re2 Re8 20. Rae1 Rxe2+ 21. Rxe2 Nf4 22. Re7 Bxc4 23. bxc4 b6 24. g3 Ng6 25. Rd7 Rf8 26.
f4 Rf6 27. Rxa7 h5 28. Rd7 h4 29. Rxd6 Rxd6 30. Bxd6 hxg3 31. hxg3 Kf7 32. Bc7 Ke6 33. Bxb6 Ne7 34. Bd8 Nc6 35. Bh4 g6 36. Kd3 Kf5 37. c5 Na5 38. c4 Nc6 39. d5 Nb4+ 40. Kc3 Na6 41. Kd4 1-0

[Event "*** Titled Tuesday Blitz"]
[Site "Chess.com"]
[Date "2020.11.24"]
[Round "11"]
[White "Iskusnyh"]
[Black "ChessQueen"]
[Result "1/2-1/2"]
[WhiteElo "2619"]
[BlackElo "2736"]
[TimeControl "180+1"]
[EndTime "12:25:07 PST"]
[Termination "Game drawn by agreement"]

1. d4 Nf6 2. c4 e6 3. g3 d5 4. Nf3 dxc4 5. Bg2 Nc6 6. O-O Rb8 7. Nc3 Be7 8. Qa4 O-O 9. Qxc4 Nb4 10. Bg5 b5 11. Qb3 a5 12. a3 a4 13. Qd1 Nbd5 14.
Nxd5 Nxd5 15. Bxe7 Nxe7 16. Rc1 Bb7 17. Rc5 Be4 18. Ne5 Bxg2 19. Kxg2 f6 20. Nf3 Qd6 21. Qd3 c6 22. Rfc1 Rfd8 23. Qe4 Rb6 24. e3 h6 25. Ne1 Kf7 26. Nd3 Nd5 27. Qf3 Kg8 28. Nf4 Nxf4+ 29. gxf4 Rc8 30. Kh1 Rc7 31. f5 exf5 32.
Qxf5 Rbb7 33. Qf3 Rb6 34. d5 Qe5 35. dxc6 Qxb2 36. R1c3 Qb1+ 37. Kg2 b4 38. axb4 Qg6+ 39. Qg3 Qxg3+ 40. hxg3 Rxb4 41. Ra5 Rb6 42. Rac5 Ra6 43. Ra3 Kf7 44. Rc4 Rcxc6 45. Rcxa4 Rxa4 46. Rxa4 Rc7 47. Ra6 Rd7 1/2-1/2

[Event "*** Titled Tuesday Blitz"]
[Site "Chess.com"]
[Date "2020.11.24"]
[Round "11"]
[White "Forantes"]
[Black "romulocardoso"]
[Result "1-0"]
[WhiteElo "2371"]
[BlackElo "2153"]
[TimeControl "180+1"]
[EndTime "12:25:07 PST"]
[Termination "Forantes won by resignation"]

1. Nf3 Nf6 2. g3 e6 3. Bg2 d5 4.
O-O Be7 5. d4 O-O 6. c4 b6 7. Nc3 Bb7 8. Ne5 Nbd7 9. cxd5 exd5 10. Bf4 Rc8 11. Rc1 c5 12. Nxd7 Qxd7 13. Re1 Rfe8 14. e3 c4 15. Be5 b5 16. Qf3 b4 17.
Bxf6 Bxf6 18. Nxd5 Bxd5 19. Qxd5 Qa4 20. Rxc4 Rcd8 21. Qb7 Qxa2 22. Qxb4 a5 23. Qc3 Rb8 24. Bc6 Rb3 25. Bxe8 Rxc3 26. Rxc3 Qxb2 27. Rc8 g6 28. Rc7 Qb8 29. Bxf7+ Kf8 30. Rec1 Qb2 31. Bd5 Be7 32. Rc8+ Kg7 33. R1c7 Kf6 34. Rc6+ Kg5 35. h4+ Kg4 36. Kg2 Kh5 37. Rh8 Kh6 38. h5 Kg7 39. Re8 Bf6 40. Rg8+ Kh6 41. Rxf6 Qb5 42. Bf3 Kg5 43. hxg6 Kxf6 44.
gxh7 1-0

[Event "*** Titled Tuesday Blitz"]
[Site "Chess.com"]
[Date "2020.11.24"]
[Round "11"]
[White "BlixLT"]
[Black "Nachsueb"]
[Result "1-0"]
[WhiteElo "2329"]
[BlackElo "2181"]
[TimeControl "180+1"]
[EndTime "12:25:07 PST"]
[Termination "BlixLT won by checkmate"]

1. Nf3 Nf6 2. c4 g6 3. b3 Bg7 4.
Bb2 O-O 5. g3 b6 6. Bg2 Bb7 7.
O-O c5 8. Re1 d5 9. cxd5 Nxd5 10. Bxg7 Kxg7 11. d4 cxd4 12. Nxd4 e6 13. e4 Ne7 14. Nc3 Nbc6 15. Ndb5 e5 16. Nd5 a6 17. Nbc3 Nd4 18. Nxe7 Qxe7 19. Nd5 Qd6 20. Rc1 Rac8 21. Qd3 Rxc1 22. Rxc1 Rc8 23. Rxc8 Bxc8 24. Qc4 Bb7 25. f4 f6 26. h4 h5 27. Kf2 b5 28. Qc3 Kf7 29. Bf1 Bxd5 30. exd5 Qxd5 31. Qc7+ Kf8 32. Qc8+ Ke7 33. Bg2 Qd6 34. Qg8 f5 35. Qg7+ Kd8 36.
fxe5 Qb6 37. Kf1 Qc7 38. Qf6+ Kc8 39. Qxa6+ Kb8 40. Qa8# 1-0

[Event "*** Titled Tuesday Blitz"]
[Site "Chess.com"]
[Date "2020.11.24"]
[Round "11"]
[White "guillembaches"]
[Black "Escanor89"]
[Result "1-0"]
[WhiteElo "2419"]
[BlackElo "2505"]
[TimeControl "180+1"]
[EndTime "12:25:09 PST"]
[Termination "guillembaches won on time"]

1. e4 c5 2. Nf3 d6 3. d4 cxd4 4. Nxd4 Nf6 5. Nc3 Nc6 6. Bg5 Bd7 7. Qd2 Rc8 8. O-O-O Nxd4 9. Qxd4 Qa5 10. Bd2 Qc5 11.
Qxc5 dxc5 12. f3 Bc6 13. Bb5 e6 14. Bxc6+ Rxc6 15. Bg5 Be7 16. Rd2 h6 17. Be3 a6 18.
Rhd1 Rc7 19. e5 Nh7 20. Ne4 O-O 21. f4 Rfc8 22. g3 Nf8 23. Nd6 Rb8 24. c4 b6 25.
Kc2 Rd8 26. h4 Bxd6 27. Rxd6 Rcd7 28. a3 Rxd6 29. Rxd6 Rxd6 30. exd6 Nd7 31. b4 Kf8 32. Kb3 Ke8 33. a4 a5 34. bxa5 bxa5 35. Bd2 Nf6 36. Bxa5 Kd7 37. Bc7 Ne4 38. a5 Kc6 39. a6 Nf6 40.
Ka4 Nd7 41. Ka5 f6 42. a7 Kb7 43. Kb5 e5 44. fxe5 fxe5 45. a8=Q+ Kxa8 46. Kc6 1-0

[Event "*** Titled Tuesday Blitz"]
[Site "Chess.com"]
[Date "2020.11.24"]
[Round "11"]
[White "Supernotar"]
[Black "maxip32"]
[Result "1/2-1/2"]
[WhiteElo "2813"]
[BlackElo "2502"]
[TimeControl "180+1"]
[EndTime "12:25:10 PST"]
[Termination "Game drawn by repetition"]

1. d4 d5 2. c4 e6 3. Nf3 Nf6 4. e3 Be7 5. Nbd2 O-O 6. Bd3 b6 7. O-O Bb7 8. Qe2 Nbd7 9. e4 dxe4 10. Nxe4 Nxe4 11. Bxe4 Bxe4 12. Qxe4 Nf6 13. Qe2 c5 14. Rd1 Qc7 15. b3 Rad8 16. Bb2 a6 17. dxc5 Bxc5 18. Ne5 a5 19. h3 Qb7 20. Nd3 Be7 21. Ne5 Bc5 22.
Kf1 h6 23. Qf3 Qxf3 24. Nxf3 Ne4 25. Bd4 Bxd4 26. Nxd4 Nc3 27. Rd3 e5 28. Rxc3 Rxd4 29.
Re1 f6 30. Rc2 Rfd8 31. c5 bxc5 32. Rxc5 a4 33. Rc2 axb3 34. axb3 Rb8 35. Rb1 Rbb4 36.
Ke2 Kf7 37. f3 h5 38. Ke3 g6 39. Rd2 Ke6 40. Rc2 Kd7 41. Rc3 Rb6 42. Rbc1 Rdb4 43. Rd1+ Ke6 44. Rb1 Kd5 45. Rb2 Rd4 46. Rd3 Rb4 47. Rc3 h4 48. Ra2 Ke6 49. Rd2 Kd5 50.
Rcd3 f5 51. Rc3 g5 52. Rdc2 Ke6 53. Rc6+ Rd6 54. Rxd6+ Kxd6 55. Rb2 e4 56. fxe4 fxe4 57. Rd2+ Ke5 58. Rb2 Kd5 59. Rb1 Ke5 60. Rb2 Kd5 61. Rd2+ Ke5 62. Rb2 1/2-1/2

[Event "*** Titled Tuesday Blitz"]
[Site "Chess.com"]
[Date "2020.11.24"]
[Round "11"]
[White "FMalexhdez"]
[Black "CzechmVIII"]
[Result "1-0"]
[WhiteElo "2272"]
[BlackElo "2141"]
[TimeControl "180+1"]
[EndTime "12:25:10 PST"]
[Termination "FMalexhdez won on time"]

1. e4 c5 2. Nf3 d6 3. d4 cxd4 4. Nxd4 Nf6 5. Nc3 g6 6. Be2 Bg7 7. O-O Nc6 8. Nb3 O-O 9. Re1 Be6 10. Bf1 a5 11. a4 Bxb3 12. cxb3 e6 13. f3 Nb4 14. Be3 d5 15. Bc5 Re8 16. Bb5 Nd7 17. Bf2 Re7 18. exd5 exd5 19. Rxe7 Qxe7 20. Nxd5 Nxd5 21.
Qxd5 Nf6 22. Qc5 Qxc5 23. Bxc5 Rc8 24. Bb6 Rc2 25. Bxa5 Rxb2 26. b4 h5 27. Re1 Nd5 28.
Re2 Rb1+ 29. Kf2 Nxb4 30. Bxb4 Rxb4 31. Re8+ Kh7 32. Re7 Rb2+ 33. Kf1 b6 34. Rxf7 Kh6 35. h4 Bd4 36. Rd7 Bc5 37. Bd3 Rf2+ 38. Ke1 Rxg2 39. Rd5 Be3 40. Rb5 Rh2 41. Rb4 Bc5 42. Re4 Ra2 43. Re6 Rb2 44. Rxg6+ Kh7 45. Rxb6+ 1-0

[Event "*** Titled Tuesday Blitz"]
[Site "Chess.com"]
[Date "2020.11.24"]
[Round "11"]
[White "FMAntonio"]
[Black "BJthechessgod"]
[Result "1-0"]
[WhiteElo "2344"]
[BlackElo "2227"]
[TimeControl "180+1"]
[EndTime "12:25:11 PST"]
[Termination "FMAntonio won by checkmate"]

1. d4 Nf6 2. c4 e6 3. Nc3 Bb4 4. e3 O-O 5. Ne2 d5 6. a3 Be7 7.
cxd5 Nxd5 8. e4 Nxc3 9. Nxc3 c5 10. Be3 cxd4 11. Bxd4 Nc6 12. Be3 a6 13. Bd3 Ne5 14. Be2 b5 15. O-O Bb7 16. Qb3 Rc8 17. Rad1 Qa5 18. Bd4 Nc4 19. Bxc4 Rxc4 20. a4 Rb4 21. Qc2 bxa4 22. Ne2 Rc8 23. Bc3 Qg5 24. f4 Bxe4 25.
fxg5 Bxc2 26. Rd7 Bc5+ 27. Kh1 Bg6 28. Bxb4 Bxb4 29. Nf4 e5 30. Nxg6 fxg6 31. h3 Bf8 32. Ra7 h6 33. Rxa6 Kh7 34. Rxa4 hxg5 35. b4 Rb8 36. b5 Bc5 37. Rb1 Bd4 38. Ra6 Bb6 39. g3 Kh6 40. Kg2 Kh5 41. g4+ Kh6 42. Rba1 e4 43.
Ra8 Rxa8 44. Rxa8 Kh7 45. Rb8 Ba7 46. Rb7 Bd4 47. Re7 e3 48. Re8 Kh6 49. Rh8# 1-0

[Event "*** Titled Tuesday Blitz"]
[Site "Chess.com"]
[Date "2020.11.24"]
[Round "11"]
[White "Margarita2907"]
[Black "annacramling"]
[Result "0-1"]
[WhiteElo "2214"]
[BlackElo "2087"]
[TimeControl "180+1"]
[EndTime "12:25:11 PST"]
[Termination "annacramling won on time"]

1. e4 c5 2. Nf3 e6 3. d4 cxd4 4. Nxd4 Nf6 5. Nc3 Nc6 6. Ndb5 Bb4 7. a3 Bc5 8. Nd6+ Bxd6 9. Qxd6 Qe7 10. Qd1 O-O 11. Be2 d5 12. exd5 exd5 13. O-O d4 14. Nb1 Bf5 15. Bf4 Rad8 16. Bd3 Qd7 17. Bg5 Ne5 18. Bxf6 gxf6 19. Bxf5 Qxf5 20. Nd2 Kh8 21. Re1 Rg8 22. Qe2 Qg5 23. f4 Qxf4 24. Kh1 Ng4 25. Nf3 Ne3 26. g3 Qe4 27. Rac1 Rd5 28. Kg1 Rf5 29.
Nxd4 Re5 30. Nf3 Re7 31. Nd2 Qe6 32. Qf2 Rge8 33. Nf1 Qb6 34. Nxe3 Rxe3 35. Rxe3 Rxe3 36. Kg2 Qe6 37. Qf4 Re2+ 38. Kg1 Qc6 39. Qb8+ Kg7 0-1

[Event "*** Titled Tuesday Blitz"]
[Site "Chess.com"]
[Date "2020.11.24"]
[Round "11"]
[White "Rainmond"]
[Black "Roman_Ovetchkin"]
[Result "0-1"]
[WhiteElo "2774"]
[BlackElo "2669"]
[TimeControl "180+1"]
[EndTime "12:25:12 PST"]
[Termination "Roman_Ovetchkin won by resignation"]

1. Nf3 Nf6 2. c4 g6 3. Nc3 Bg7 4. g3 O-O 5. Bg2 d6 6. O-O e5 7. Rb1 a5 8. d3 Nc6 9. Bg5 h6 10.
Bxf6 Bxf6 11. Nd2 Ne7 12. a3 c6 13. b4 axb4 14. axb4 Bg7 15. b5 d5 16. bxc6 bxc6 17. Nb3 e4 18. Rc1 dxc4 19. dxc4 Qxd1 20. Nxd1 Ra3 21. Nd2 f5 22. Rc2 Rd8 23. Ne3 Bd4 24. Nb1 Ra1 25. Rd1 Rd7 26. Rdc1 Bxe3 27. fxe3 h5 28. Kf2 Kf7 29. Nc3 Rxc1 30. Rxc1 Rb7 31. Na4 Be6 32. Nc5 Rb4 33. Nxe6 Kxe6 34. h3 Ng8 35. g4 h4 36. c5 Nf6 37. gxf5+ gxf5 38. Rd1 Nd5 39. Ra1 Rc4 40. Ra8 Rxc5 41. Re8+ Kf6 42. Rh8 Rc3 43. Rxh4 Nxe3 44. Rh6+ Ke5 45. Rg6 Kf4 46. Bf1 Rc1 47. Bg2 c5 48. Rg8 c4 49.
Rg3 Nd1+ 0-1

[Event "*** Titled Tuesday Blitz"]
[Site "Chess.com"]
[Date "2020.11.24"]
[Round "11"]
[White "verdest"]
[Black "PowerThinking2650"]
[Result "0-1"]
[WhiteElo "2622"]
[BlackElo "2420"]
[TimeControl "180+1"]
[EndTime "12:25:12 PST"]
[Termination "PowerThinking2650 won by resignation"]

1. d4 Nf6 2. c4 g6 3. Nf3 Bg7 4. g3 O-O 5. Bg2 d6 6. O-O Nbd7 7. Nc3 e5 8. e4 exd4 9. Nxd4 Re8 10. h3 Nc5 11.
Qc2 Bd7 12. Rd1 Qc8 13. Kh2 Re5 14. g4 Bxg4 15. hxg4 Qxg4 16. Qe2 Qh4+ 17. Kg1 Ng4 18. Nf3 Qh5 19. Bf4 Re6 20. Bg3 Rae8 21. Nh2 f5 22.
Nxg4 fxg4 23. Nd5 Nxe4 24. Nf4 Nxg3 25. Qxe6+ Rxe6 26. Nxh5 Nxh5 27. Bd5 Kf7 28. Re1 Be5 29. Re4 Nf6 30. Bxe6+ Kxe6 31. Re2 h5 32. Rf1 h4 33. f4 gxf3 34. Rxf3 g5 35. c5 g4 36. Rb3 b6 37.
cxd6 cxd6 38. Rb4 Kf5 39. Rf2+ Kg5 40. Rc4 h3 41. Re2 Nh5 42. Ree4 Nf4 43. Rc2 Kf5 44. Re1 g3 45. Rf1 Kg4 46. Rc4 h2+ 0-1

[Event "*** Titled Tuesday Blitz"]
[Site "Chess.com"]
[Date "2020.11.24"]
[Round "11"]
[White "AniJak"]
[Black "wisdomboy"]
[Result "1-0"]
[WhiteElo "2334"]
[BlackElo "2183"]
[TimeControl "180+1"]
[EndTime "12:25:12 PST"]
[Termination "AniJak won on time"]

1. e4 c5 2. Nf3 d6 3. Bb5+ Nd7 4. O-O a6 5. Bd3 Ngf6 6. c3 g6 7. Re1 Bg7 8. Bc2 O-O 9. d4 cxd4 10. cxd4 b5 11. Nbd2 Bb7 12. Nf1 Rc8 13. Bg5 Nb6 14.
Rc1 h6 15. Bf4 Nh5 16. Bg3 Nc4 17. b3 Na5 18. h3 Nxg3 19. Nxg3 Nc6 20. Bb1 Qb6 21.
e5 dxe5 22. dxe5 Rfd8 23. Qe2 Nd4 24. Nxd4 Qxd4 25. e6 f5 26. Rcd1 Qc3 27. Rd7 Qc6 28.
f3 Rxd7 29. exd7 Qxd7 30. Qxe7 Qxe7 31. Rxe7 Rc1+ 32. Kf2 Rxb1 33. Rxb7 Rb2+ 34. Ke3 Rxa2 35. Ne2 Rb2 36. Nf4 Rxb3+ 37. Kd2 Rb2+ 38. Kc1 Rb4 39.
Nxg6 Rc4+ 40. Kb1 Bd4 41. Ne7+ Kf8 42. Nxf5 b4 43. Nd6 Rc6 44. Nf5 Bc3 45. g4 a5 46.
Ra7 b3 47. h4 Bb4 48. Kb2 Rc3 49. Nxh6 Rxf3 50. g5 1-0

[Event "*** Titled Tuesday Blitz"]
[Site "Chess.com"]
[Date "2020.11.24"]
[Round "11"]
[White "FLamps8"]
[Black "Korchmar_Vasiliy"]
[Result "0-1"]
[WhiteElo "2492"]
[BlackElo "2603"]
[TimeControl "180+1"]
[EndTime "12:25:14 PST"]
[Termination "Korchmar_Vasiliy won on time"]

1. c4 c6 2. Nf3 d5 3. e3 Nf6 4. Nc3 e6 5. b3 Nbd7 6. Bb2 Bd6 7. Qc2 O-O 8. Be2 b6 9. h3 Bb7 10. g4 c5 11. g5 Ne4 12. Bd3 Nxc3 13. dxc3 dxc4 14. Bxh7+ Kh8 15. Be4 Qc7 16. O-O-O Ne5 17. Rxd6 Nxf3 18. Rhd1 Nxg5 19. Rd7 Bxe4 20. Rxc7 Bxc2 21.
Kxc2 Kg8 22. h4 Nf3 23. bxc4 Nxh4 24. Rdd7 g5 25. Rxa7 Rxa7 26. Rxa7 Rb8 27. Kb3 b5 28.
Ba3 bxc4+ 29. Kxc4 Nf3 30. Kxc5 Rc8+ 31. Kb4 Ne1 32. c4 Nd3+ 33. Kc3 Nxf2 34. c5 g4 35. Kd2 Ne4+ 36. Ke2 Nxc5 37. Ra5 Ne4 38. Re5 Nc3+ 39. Kf2 Ra8 40. Bb4 Rxa2+ 41. Kg3 Nd5 0-1